 Dungeon Crawl Stone Soup version 0.26-a0-466-g989023bd0d (webtiles) character file.

Game seed: 18445169897889603506

139890 DeltaSign the Executioner (level 16, -3/151 HPs)
             Began as a Minotaur Berserker on July 30, 2020.
             Was the Champion of Trog.
             Slain by an entropy weaver (8 damage)
             ... on level 2 of the Spider Nest.
             The game lasted 01:04:41 (24420 turns).

DeltaSign the Executioner (Minotaur Berserker)     Turns: 24420, Time: 01:04:42

Health: -3/151     AC:  5    Str: 27    XL:     16   Next: 74%
Magic:  15/15      EV: 21    Int: 10    God:    Trog [******]
Gold:   2507       SH: 20    Dex: 19    Spells: 15/15 levels left

rFire    + . .     SeeInvis .   w - +1 broad axe (flame)
rCold    + + .     Faith    .   c - +0 kite shield
rNeg     . . .     Spirit   .   b - +2 plate armour {rF+}
rPois    +         Reflect  +   g - +1 hat
rElec    .         Harm     .   u - +4 cloak of Pandemonium {Str+4 Dex+3}
rCorr    .                      K - +0 pair of gloves "Mucwuwaj" {*Drain rC++ Int+6}
MR       +....                  E - +0 pair of boots
Stlth    ..........             q - amulet of reflection
HPRegen  0.35/turn              U - ring of Imoynetz {+Fly rPois}
MPRegen  0.14/turn              F - ring of Phasing {EV+8}

@: lethally poisoned (-3 -> -3), corroded, berserk cooldown, very slightly
contaminated, slowed, very slow
A: retaliatory headbutt, horns 2
a: Berserk, Trog's Hand, Brothers in Arms, Renounce Religion, Evoke Flight


You were on level 2 of the Spider Nest.
You worshipped Trog.
Trog was exalted by your worship.
You visited 4 branches of the dungeon, and saw 25 of its levels.
You also visited: Bailey, Gauntlet and Volcano.

You collected 2507 gold pieces.

Inventory:

Hand Weapons
 w - a +1 broad axe of flaming (weapon)
Armour
 b - a +2 plate armour of fire resistance (worn)
 c - a +0 kite shield (worn)
 g - a +1 hat (worn)
 u - the +4 cloak of Pandemonium (worn) {Str+4 Dex+3}
   (You found it on level 5 of the Dungeon)

   It affects your strength (+4).
   It affects your dexterity (+3).
 E - a +0 pair of boots (worn)
 K - the +0 pair of gloves "Mucwuwaj" (worn) {*Drain rC++ Int+6}
   (You found it in a Gauntlet)

   It affects your intelligence (+6).
   It greatly protects you from cold.
   It causes draining when unequipped.
Jewellery
 q - an amulet of reflection (around neck)
 z - an uncursed amulet of faith {unknown}
 F - the ring of Phasing (right hand) {EV+8}
   (You found it in a bailey)

   [ring of evasion]

   It affects your evasion (+8).
 H - an uncursed ring of ice
 R - an uncursed ring of see invisible
 U - the ring of Imoynetz (left hand) {+Fly rPois}
   (You found it on level 6 of the Lair of Beasts)

   [ring of flight]

   It protects you from poison.
   It lets you fly.
Wands
 j - a wand of paralysis (8)
 n - a wand of polymorph (10)
 r - a wand of disintegration (68)
 y - a wand of clouds (4)
 B - a wand of flame (43)
 I - a wand of acid (19)
 M - a wand of enslavement (7)
 N - a wand of digging (4)
 O - a wand of iceblast (11)
 S - a wand of random effects (19)
Scrolls
 f - 4 scrolls of enchant weapon
 i - 8 scrolls of teleportation
 o - 2 scrolls of magic mapping
 p - 6 scrolls of remove curse
 x - 5 scrolls of enchant armour
 A - 6 scrolls of fear
 C - 2 scrolls of holy word
 G - 2 scrolls of fog
 L - 5 scrolls of identify
 P - 2 scrolls of immolation
 V - 2 scrolls of vulnerability
Potions
 a - 4 potions of berserk rage
 d - 5 potions of heal wounds
 e - 2 potions of cancellation
 h - 5 potions of mutation
 k - 6 potions of stabbing
 l - a potion of invisibility
 m - 7 potions of lignification
 s - 3 potions of might
 v - 2 potions of ambrosia
 D - 6 potions of haste
 J - 8 potions of curing


   Skills:
 + Level 16.2 Fighting
 * Level 21.3 Axes
 + Level 15.9 Armour
 - Level 6.8 Dodging
 + Level 14.5 Shields


You had 15 spell levels left.
You didn't know any spells.
Your spell library was empty.

Dungeon Overview and Level Annotations

Branches:
Dungeon (15/15)            Temple (0/1) D:4            Lair (6/6) D:10
  Swamp (0/4) Lair:4       Spider (2/4) Lair:3        Slime (0/5) Lair:6
    Orc (2/2) D:10            Elf (0/3) Orc:2        Vaults (0/5) D:13
 Depths (0/5) D:15         Bailey (visited)         Volcano (visited)
Gauntlet (visited)

Altars:
Ashenzari
Elyvilon
Gozag
Hepliaklqana
Nemelex Xobeh
Ru
Sif Muna
Vehumet
Zin
The Shining One
Beogh
Jiyva

Shops:
D:9 *   D:13 ?   Orc:1 (   Orc:2 }[(}=((:

Annotations:
Lair:3 exclusion: 4 oklob plants
Spider:1 Nikola
Spider:2 Arachne, Kirke


Innate Abilities, Weirdness & Mutations

You reflexively headbutt those who attack you in melee.
You have a pair of horns on your head.


Message History

You burn the redback. You closely miss the redback.
You block the redback's attack. The redback completely misses you.
You block the redback's attack. You block the entropy weaver's attack.
The entropy weaver completely misses you.
The entropy weaver closely misses you. The entropy weaver hits you.
* * * LOW HITPOINT WARNING * * *
You feel much better.
You feel sick.
The redback bites you but does no damage.
You block the redback's attack. x2
The entropy weaver hits you but does no damage.
You block the entropy weaver's attack. The entropy weaver hits you!
* * * LOW HITPOINT WARNING * * *
The entropy weaver hits you.
* * * LOW HITPOINT WARNING * * *
You block the redback's attack. The redback bites you!
* * * LOW HITPOINT WARNING * * *
The redback bites you.
* * * LOW HITPOINT WARNING * * *
The entropy weaver hits you!
You die...

..#. .#^ ..
.......#.## ##
...##. .....
..#.# .#. ..#..
.........$.....
..#.#
...............
.^..#
......#..#.#.#.
.#..#
..?..^...$..$.^
..).#
......ssa...#
....#
#....s@†.#
<.#.[...
...#...##......
....^##.
.^..... .....
##......
...##.# .#..
^..... .# ..
... ...... ..#
.. ##.##. ..# #
.. ... .?


You could see an entropy weaver and 3 redbacks.

Vanquished Creatures
  Rupert (D:12)
  2 azure jellies (Lair:6)
  Aizul (Spider:1)
  A stone giant (Orc:2)
  2 dire elephants
  A red draconian (Volcano)
  A minotaur (Gauntlet)
  5 death oozes (Lair:6)
  A fire dragon (D:13)
  5 vault guards (D:13)
  Fannar (D:10)
  Josephine (D:12)
  4 great orbs of eyes (Lair:6)
  A merfolk avatar (Lair:6)
  3 centaur warriors
  8 hydras
  22 two-headed ogres
  The ghost of brujo666 the Basher, a novice OgHu of Gozag (D:10)
  4 ogre magi
  2 death scarabs (Gauntlet)
  3 tengu warriors
  Urug (D:10)
  2 orc high priests (Orc:2)
  2 deep trolls (Orc:2)
  5 unseen horrors
  2 wizards
  A sea snake (Lair:6)
  A spectral hydra (Gauntlet)
  3 orc knights
  5 orb spiders (Spider:1)
  An orc sorcerer (Orc:2)
  7 ugly things
  8 cyclopes
  9 wolf spiders
  11 elephants (Lair:6)
  A salamander (D:15)
  5 manticores
  A moth of wrath (Gauntlet)
  2 black mambas
  3 centaur zombies
  A torpor snail (Spider:1)
  Maurice (D:13)
  A gargoyle (D:13)
  10 cane toads
  A komodo dragon (shapeshifter) (D:13)
  Maggie (D:9)
  A yaktaur (D:13)
  15 komodo dragons
  7 rime drakes
  2 efreet (D:15)
  12 jumping spiders
  2 tengu conjurers
  4 hornets
  16 trolls
  5 polar bears
  14 slime creatures
  A wind drake (shapeshifter) (D:15)
  21 blink frogs
  4 dream sheep (Lair:4)
  2 meliai zombies
  12 hippogriffs
  The ghost of Essalna the Chiller, an amateur DsIE (D:4)
  18 redbacks
  A shadow (D:11)
  A ynoxinul (Gauntlet)
  4 spriggans
  7 tarantellas (Spider:1)
  6 wyverns
  2 vampires
  5 wraiths
  4 basilisks
  22 yaks
  A steam dragon (D:13)
  Grum (Lair:1)
  6 vampire mosquitoes
  A spectral cane toad (Gauntlet)
  4 wargs
  A soldier ant (shapeshifter) (D:13)
  An acid dragon (D:13)
  5 porcupines
  16 water moccasins
  3 ice beasts
  23 orc warriors
  A sky beast (D:10)
  7 black bears
  A hornet zombie (D:8)
  2 eyes of draining
  5 phantoms
  6 necrophages
  25 ogres
  17 wolves
  11 centaurs
  14 crocodiles
  4 big kobolds
  14 bullfrogs
  A gnoll sergeant (D:6)
  4 scorpions
  2 wyvern skeletons (D:14)
  23 killer bees
  23 wights
  7 electric eels (D:11)
  3 bullfrog zombies
  5 quasits
  13 jellies
  A wyvern simulacrum (D:14)
  3 centaur skeletons
  4 gnoll shamans (D:6)
  12 orc priests
  10 hounds
  5 iguanas
  4 iron imps (Gauntlet)
  11 orc wizards
  10 worker ants
  6 hell rats (Lair:3)
  A killer bee zombie (D:8)
  2 hound zombies
  A hound skeleton (D:5)
  A mummy (D:9)
  5 worker ant zombies
  46 gnolls
  16 adders
  A shadow imp (D:7)
  An ufetubus (D:8)
  6 oozes
  2 adder zombies
  An adder skeleton (D:5)
  2 worms
  The ghost of chipmonk the Sneak, a weakling HODe (D:5)
  A dart slug (D:1)
  5 leopard geckos
  67 orcs
  3 ball pythons
  A giant cockroach (D:5)
  16 hobgoblins
  19 jackals
  30 kobolds
  2 quokkas
  5 bats
  8 frilled lizards
  9 goblins
  2 jackal skeletons
  A jackal zombie (D:5)
  4 rats
  9 fungi
  3 plants (Lair:6)
931 creatures vanquished.

Vanquished Creatures (others)
  A redback (Spider:1)
  A tarantella (Spider:1)
  5 orcs (D:11)
  3 fungi (Lair:6)
  6 plants
16 creatures vanquished.

Grand Total: 947 creatures vanquished

Notes
Turn   | Place    | Note
-------+----------+-------------------------------------------
     0 | D:1      | DeltaSign the Minotaur Berserker began the quest for the
                  | Orb.
     0 | D:1      | Reached XP level 1. HP: 19/19 MP: 0/0
   276 | D:1      | Reached skill level 4 in Axes
   276 | D:1      | Reached XP level 2. HP: 19/27 MP: 1/1
   804 | D:2      | Reached XP level 3. HP: 33/33 MP: 2/2
   902 | D:2      | Reached ** piety under Trog
  1045 | D:2      | Found a faded altar of an unknown god.
  1130 | D:2      | Found a shattered altar of Ashenzari.
  1146 | D:2      | Reached XP level 4. HP: 40/40 MP: 3/3
  1173 | D:2      | Noticed a big kobold
  1187 | D:2      | Killed a big kobold
  1187 | D:2      | Reached skill level 5 in Axes
  1358 | D:2      | Reached XP level 5. HP: 43/47 MP: 4/4
  1445 | D:2      | Found a shimmering blue altar of Sif Muna.
  2033 | D:3      | You fall into a shaft and drop 2 floors!
  2033 | D:5      | Entered Level 5 of the Dungeon
  2052 | D:5      | Noticed a centaur
  2057 | D:5      | Killed a centaur
  2057 | D:5      | Reached skill level 5 in Fighting
  2057 | D:5      | Reached skill level 6 in Axes
  2057 | D:5      | Reached XP level 6. HP: 35/56 MP: 5/5
  3016 | D:4      | Reached XP level 7. HP: 61/61 MP: 6/6
  3104 | D:4      | Found a transporter.
  3106 | D:4      | Noticed Essalna's ghost (amateur DsIE)
  3128 | D:4      | Found a staircase to the Ecumenical Temple.
  3194 | D:4      | Reached *** piety under Trog
  3219 | D:4      | Reached skill level 7 in Axes
  3380 | D:4      | Found a transporter.
  3525 | D:4      | Killed Essalna's ghost
  3525 | D:4      | Reached skill level 5 in Armour
  3985 | D:5      | Found a runed translucent gate.
  3985 | D:5      | Found a runed translucent gate.
  3988 | D:5      | Found a runed translucent gate.
  3994 | D:5      | Noticed chipmonk's ghost (weakling HODe)
  4114 | D:5      | Got a spiked cloak
  4125 | D:5      | Identified the +4 cloak of Pandemonium {Str+4 Dex+3} (You
                  | found it on level 5 of the Dungeon)
  4172 | D:5      | Reached skill level 8 in Axes
  4172 | D:5      | Reached skill level 5 in Dodging
  4172 | D:5      | Reached XP level 8. HP: 70/70 MP: 7/7
  4269 | D:5      | Found a white marble altar of Elyvilon.
  4440 | D:5      | Found a radiant altar of Vehumet.
  4492 | D:5      | Found a sacrificial altar of Ru.
  4667 | D:5      | Killed chipmonk's ghost
  4740 | D:6      | Reached **** piety under Trog
  4967 | D:6      | Found a glowing silver altar of Zin.
  4968 | D:6      | Found an opulent altar of Gozag.
  4968 | D:6      | Found a glowing golden altar of the Shining One.
  4982 | D:6      | Found a sparkling altar of Nemelex Xobeh.
  5004 | D:6      | Reached skill level 9 in Axes
  5022 | D:6      | Lost intelligence.
  5344 | D:6      | Reached ***** piety under Trog
  5350 | D:6      | Reached XP level 9. HP: 69/79 MP: 8/8
  5506 | D:7      | Found a hazy altar of Hepliaklqana.
  5725 | D:7      | Reached skill level 10 in Axes
  6561 | D:8      | Reached skill level 1 in Shields
  6575 | D:8      | Received a gift from Trog
  6672 | D:8      | Reached skill level 11 in Axes
  7107 | D:9      | Noticed a cyclops
  7114 | D:9      | Killed a cyclops
  7114 | D:9      | Reached XP level 10. HP: 60/90 MP: 9/9
  7205 | D:9      | Found Tosamess's Assorted Antiques.
  7275 | D:9      | Noticed Maggie
  7285 | D:9      | Killed Maggie
  7802 | D:10     | Entered Level 10 of the Dungeon
  7845 | D:10     | Reached skill level 12 in Axes
  7857 | D:10     | Found a runed translucent door.
  7861 | D:10     | Identified the cursed +3 trident of Mutilation {drain,
                  | *Corrode MR+ Str+3 Int+8}
  7862 | D:10     | Noticed brujo666's ghost (novice OgHu)
  7863 | D:10     | Noticed a spriggan rider
  7934 | D:10     | Noticed Urug
  7945 | D:10     | Killed Urug
  7983 | D:10     | Found a flagged portal.
  7993 | Bailey   | Entered a bailey
  8050 | Bailey   | Found the ring of Phasing {EV+8}
  8050 | Bailey   | Found a bloodstained altar of Trog.
  8052 | Bailey   | Received a gift from Trog
  8226 | D:10     | Reached skill level 5 in Shields
  8299 | D:10     | Found a staircase to the Orcish Mines.
  8304 | D:10     | Noticed Fannar
  8323 | D:10     | Killed Fannar
  8456 | D:10     | Found a staircase to the Lair.
  8571 | D:10     | Reached skill level 13 in Axes
  8571 | D:10     | Reached XP level 11. HP: 98/98 MP: 10/10
  9047 | D:10     | Reached skill level 10 in Fighting
  9069 | D:10     | Killed brujo666's ghost
  9322 | D:11     | Killed an unseen horror
  9322 | D:11     | Reached skill level 10 in Armour
  9603 | D:11     | Reached skill level 14 in Axes
  9806 | D:11     | Noticed a two-headed ogre
  9813 | D:11     | Killed a two-headed ogre
  9832 | D:11     | Noticed a centaur warrior
  9840 | D:11     | Killed a centaur warrior
 10210 | Lair:1   | Entered Level 1 of the Lair of Beasts
 10213 | Lair:1   | Received a gift from Trog
 10219 | Lair:1   | Reached XP level 12. HP: 94/109 MP: 11/11
 10378 | Lair:1   | Reached ****** piety under Trog
 10412 | Lair:1   | Noticed Grum
 10427 | Lair:1   | Killed Grum
 10434 | Lair:1   | Reached skill level 15 in Axes
 10652 | Lair:2   | You fall into a shaft and drop 1 floor!
 10745 | Lair:3   | Found a gate leading to a gauntlet.
 10767 | Gauntlet | Entered a Gauntlet
 10767 | Gauntlet | Found a transporter.
 10767 | Gauntlet | Found a transporter.
 10870 | Gauntlet | Noticed a tengu warrior
 10882 | Gauntlet | Found a transporter.
 10898 | Gauntlet | Found a transporter.
 10898 | Gauntlet | Found a transporter.
 10900 | Gauntlet | Found a transporter.
 10900 | Gauntlet | Found a transporter.
 10902 | Gauntlet | Found a transporter.
 10904 | Gauntlet | Noticed a death ooze
 10908 | Gauntlet | Noticed a death scarab
 10909 | Gauntlet | Noticed a death scarab
 10914 | Gauntlet | Found a transporter.
 10926 | Gauntlet | Found a transporter.
 10930 | Gauntlet | Found a runed translucent door.
 10937 | Gauntlet | Found a transporter.
 10938 | Gauntlet | Noticed a death yak
 10938 | Gauntlet | Noticed a death yak
 10939 | Gauntlet | Noticed a death yak
 10939 | Gauntlet | Noticed a death yak
 10940 | Gauntlet | Noticed a death yak
 10954 | Gauntlet | Found a transporter.
 10971 | Gauntlet | Found a transporter.
 10977 | Gauntlet | Found a runed translucent door.
 10979 | Gauntlet | Found a runed translucent door.
 10983 | Gauntlet | Found a transporter.
 11320 | Gauntlet | Killed a death scarab
 11330 | Gauntlet | Killed a death scarab
 11351 | Gauntlet | Got a pair of pitted gloves
 11381 | Gauntlet | Identified the cursed +0 pair of gloves "Mucwuwaj" {*Drain
                  | rC++ Int+6} (You found it in a Gauntlet)
 11395 | Gauntlet | Noticed a minotaur
 11408 | Gauntlet | Killed a minotaur
 11800 | Lair:3   | Reached skill level 16 in Axes
 11804 | Lair:3   | Found a hole to the Spider Nest.
 12053 | Lair:3   | Noticed a four-headed hydra
 12061 | Lair:3   | Killed a two-headed hydra
 12061 | Lair:3   | Received a gift from Trog
 12061 | Lair:3   | Reached XP level 13. HP: 107/117 MP: 12/12
 12695 | Lair:4   | Found a radiant altar of Vehumet.
 13048 | Lair:4   | Found a staircase to the Swamp.
 13780 | Lair:5   | Reached skill level 10 in Shields
 13996 | Lair:5   | Got a bloodstained buckler
 14007 | Lair:5   | Identified the cursed +0 buckler "Ennu" {rF- MR+ Str+2}
                  | (You found it on level 5 of the Lair of Beasts)
 14692 | Lair:6   | Entered Level 6 of the Lair of Beasts
 14739 | Lair:6   | Reached skill level 17 in Axes
 14754 | Lair:6   | Noticed a dire elephant
 14771 | Lair:6   | Killed a dire elephant
 14841 | Lair:6   | Found a dark tunnel.
 14860 | Volcano  | Entered a volcano
 14912 | Volcano  | Noticed a red draconian
 14933 | Volcano  | Found a radiant altar of Vehumet.
 14943 | Volcano  | Received a gift from Trog
 14956 | Volcano  | Reached XP level 14. HP: 76/129 MP: 13/13
 15489 | Lair:6   | Reached skill level 18 in Axes
 15549 | Lair:6   | Found a viscous altar of Jiyva.
 15549 | Lair:6   | Noticed an azure jelly
 15549 | Lair:6   | Noticed an azure jelly
 15550 | Lair:6   | Paralysed by a great orb of eyes for 7 turns
 15563 | Lair:6   | Killed an azure jelly
 15567 | Lair:6   | Killed an azure jelly
 16294 | Lair:6   | Got a fine tin ring
 16408 | Lair:6   | Found a viscous altar of Jiyva.
 16409 | Lair:6   | Found a staircase to the Slime Pits.
 16579 | Lair:6   | Identified the ring of Imoynetz {+Fly rPois} (You found it
                  | on level 6 of the Lair of Beasts)
 17785 | D:12     | Noticed Josephine
 17796 | D:12     | Killed Josephine
 17796 | D:12     | Reached skill level 19 in Axes
 17862 | D:12     | Noticed Rupert
 17876 | D:12     | Received a gift from Trog
 17883 | D:12     | Killed Rupert
 17883 | D:12     | Reached XP level 15. HP: 95/139 MP: 14/14
 19227 | D:13     | Noticed Maurice
 19237 | D:13     | Killed Maurice
 19541 | D:13     | Found Ozxick's Magic Scroll Shop.
 19765 | D:13     | Found a gate to the Vaults.
 19959 | D:13     | Received a gift from Trog
 20251 | D:14     | Reached skill level 15 in Fighting
 20404 | D:14     | Reached skill level 20 in Axes
 20871 | D:15     | Entered Level 15 of the Dungeon
 21014 | D:15     | Reached skill level 15 in Armour
 21015 | D:15     | Found a staircase to the Depths.
 21413 | D:15     | Received a gift from Trog
 21538 | D:15     | Reached XP level 16. HP: 149/149 MP: 15/15
 22094 | Orc:1    | Entered Level 1 of the Orcish Mines
 22211 | Orc:1    | Found Zawkizxi's Antique Weapon Emporium.
 22433 | Orc:2    | Entered Level 2 of the Orcish Mines
 22437 | Orc:2    | Found Hucwiw's Book Shop.
 22522 | Orc:2    | Found Qotoun's Antique Weapon Shop.
 22606 | Orc:2    | Found Zimib's Weapon Emporium.
 22671 | Orc:2    | Found Duafogy's Gadget Shoppe.
 22704 | Orc:2    | Received a gift from Trog
 22764 | Orc:2    | Found Nonakauph's Antique Armour Shop.
 22961 | Orc:2    | Found Adainal's Jewellery Emporium.
 22962 | Orc:2    | Found Odiqelig's Weapon Emporium.
 23010 | Orc:2    | Reached skill level 21 in Axes
 23018 | Orc:2    | Found a roughly hewn altar of Beogh.
 23056 | Orc:2    | Found Wergh's Gadget Shoppe.
 23063 | Orc:2    | Paralysed by an orc sorcerer for 4 turns
 23144 | Orc:2    | Found a staircase to the Elven Halls.
 23691 | Spider:1 | Entered Level 1 of the Spider Nest
 23808 | Spider:1 | Received a gift from Trog
 24250 | Spider:1 | Noticed Aizul
 24276 | Spider:1 | Killed Aizul
 24388 | Spider:1 | Noticed Nikola
 24400 | Spider:2 | Noticed Kirke
 24403 | Spider:2 | Noticed Arachne
 24405 | Spider:2 | HP: 4/151 [Arachne/uncursed staff of poison (4)]
 24420 | Spider:2 | HP: 5/151 [redback (5)]
 24420 | Spider:2 | Slain by an entropy weaver

Illustrated notes

Levels and vault maps discovered:
D:1:      matt_arrival_los_fun, layout_basic
D:2:      layout_rooms, led_sif_pool, ashenzari_altar_1,
          chequers_ecumenical_altar_simple
D:3:      layout_rooms
D:4:      layout_basic, minmay_temple_entry_offerings,
          gammafunk_ghost_stat_death, minmay_fractal_squares_5
D:5:      layout_loops_corners, kennysheep_mini_moat, kennysheep_little_box,
          lemuel_doored_altar, gammafunk_ghost_split, minivault_11
D:6:      lemuel_castle_with_subvaults [lemuel_castle_interior_carwin_1],
          layout_rooms, chequers_temple_overflow_statue_of_worship,
          nemelex_xobeh_ov_fountains_minmay
D:7:      corexii_shantytown, layout_loops_ring, lemuel_crystal_altar,
          grunt_ministairs_9
D:8:      layout_cave_pools
D:9:      layout_long_grid, serial_shops, shop, serial_undead, serial_undead_c,
          serial_undead_b, serial_undead_c, serial_undead_e, serial_undead_a,
          serial_undead_d, serial_undead_c, serial_undead_a, uniq_maggie
D:10:     layout_loops_corners, lair_entry_dummy, orc_0_dummy,
          ebering_ghost_funeral_grove, enter_bailey_2, eino_jars, uniq_urug,
          uniq_fannar
D:11:     layout_basic, minmay_quadrilaterals
D:12:     layout_long_grid, uniq_rupert, uniq_josephine
D:13:     hangedman_arrow_trap, layout_gridville, grunt_vaults_entry_fortified,
          serial_shops, nicolae_shop_waterfront, uniq_maurice
D:14:     layout_small_grid, serial_park_square1 [serial_park_minivault_5x5_1],
          blue_anna_alchemist [blue_anna_fruit_fields, blue_anna_fruit_fields]
D:15:     hangedman_depths_entry_try_elsewhere_first, layout_cave_pods,
          hangedman_decor_opposing
Lair:1:   layout_big_grid, uniq_grum
Lair:2:   layout_cave_pods
Lair:3:   layout_regular_city, nicolae_spider_entry_tight_spaces,
          gauntlet_entry_generic, grunt_forest_stairs_clearing,
          minmay_lair_oklob_chamber, grunt_megastairs_3
Lair:4:   layout_cellular_growth, swamp_mist, basic_altar, minivault_19,
          serial_bayou_shore_b
Lair:5:   layout_gridlike, minivault_19
Lair:6:   gammafunk_lair_ancient_temple, layout_long_grid,
          dpeg_slime_entry_enclosed_altar, special_room [special_room_jelly],
          enter_volcano_2
Spider:1: layout_spider_delve, spiders_nest_spider_trap, uniq_nikola, uniq_aizul
Spider:2: layout_spider_delve, uniq_kirke, uniq_arachne
Orc:1:    layout_caves, serial_shops,
          nicolae_shop_temple_entry_statues_fountains
Orc:2:    st_orc_open, layout_caves, serial_shops, shop_fountains, shop,
          nicolae_shop_window_shopping, nicolae_shop_window_shopping,
          basic_altar

Skill      XL: |  1  2  3  4  5  6  7  8  9 10 11 12 13 14 15 16 |
---------------+-------------------------------------------------+-----
Axes           | 4 5 6 8 9 11 13 14 16 17 19 20 21 | 21.3
Fighting       | 4 5 6 7 8 9 11 12 13 14 15 16 | 16.2
Armour         | 3 4 5 6 8 9 10 11 13 14 15 | 15.9
Dodging        | 3 4 5 6 |  6.8
Shields        | 2 5 7 9 11 12 13 14 | 14.5

Action                   |  1- 3 |  4- 6 |  7- 9 | 10-12 | 13-15 | 16-18 || total
-------------------------+-------+-------+-------+-------+-------+-------++-------
Melee: Hand axe          |    62 |    45 |       |       |       |       ||   107
       Headbutt          |     5 |    11 |    85 |   158 |   257 |    96 ||   612
       War axe           |       |    53 |   251 |   431 |       |       ||   735
       Battleaxe         |       |       |   120 |       |       |       ||   120
       Broad axe         |       |       |       |    39 |   868 |   277 ||  1184
Invok: Berserk           |     1 |     3 |     3 |     8 |     5 |     2 ||    22
 Abil: Evoke Flight      |       |       |       |     2 |       |       ||     2
Evoke: Wand              |       |       |       |    11 |     3 |       ||    14
  Use: Scroll            |       |     5 |     6 |    13 |    12 |     4 ||    40
       Potion            |       |       |       |       |     1 |     3 ||     4
Armor: Animal skin       |     4 |       |       |       |       |       ||     4
       Ring mail         |    16 |    23 |     9 |       |       |       ||    48
       Chain mail        |       |       |    93 |       |       |       ||    93
       Plate armour      |       |       |   220 |   204 |   233 |    71 ||   728
Dodge: Dodged            |    31 |    72 |   253 |   362 |   489 |   146 ||  1353
Block: Buckler           |       |       |    18 |   196 |   466 |       ||   680
       Reflection        |       |       |       |       |    28 |     4 ||    32
       Kite shield       |       |       |       |       |    30 |   266 ||   296

Table legend: (Time is in decaauts)
 A = Elapsed time spent in this place.
 B = Non-inter-level travel time spent in this place.
 C = Inter-level travel time spent in this place.
 D = Time resting spent in this place.
 E = Time spent auto-exploring this place.
 F = Levels seen in this place.
 G = Mean time per level.
                   A        B        C        D        E       F      G
               +--------+--------+--------+--------+--------+-----+--------+
         Total |  24643 |  23438 |   1205 |   3567 |  14892 |  28 |  880.1 |
       Dungeon |  14707 |  14068 |    639 |   1970 |   9240 |  15 |  980.5 |
          Lair |   6710 |   6228 |    482 |    799 |   4438 |   6 | 1118.3 |
   Spider Nest |    357 |    357 |      0 |     60 |    113 |   2 |  178.5 |
  Orcish Mines |   1464 |   1382 |     82 |    208 |    959 |   2 |  732.0 |
        Bailey |    190 |    190 |      0 |      3 |      3 |   1 |  190.0 |
       Volcano |    248 |    248 |      0 |     88 |      0 |   1 |  248.0 |
      Gauntlet |    963 |    963 |      0 |    438 |    138 |   1 |  963.0 |
               +--------+--------+--------+--------+--------+-----+--------+

Top non-repeatable levels by time:
  Lair:6: 1673 daAuts
  Lair:3: 1434 daAuts
    D:13: 1189 daAuts
     D:6: 1170 daAuts
    D:10: 1165 daAuts
     D:5: 1161 daAuts
    D:12: 1158 daAuts
  Lair:4: 1129 daAuts
    D:11: 1125 daAuts
    D:15: 1094 daAuts
     D:4: 1046 daAuts
  Lair:2: 1034 daAuts
     D:7: 1033 daAuts
     D:3: 1014 daAuts
   Orc:2: 1011 daAuts
